 Dungeon Crawl Stone Soup version 0.17-a0-701-gb6462b4 (webtiles) character file.

75 kusayu the Grave Robber (level 4, 0/30 HPs)
             Began as a Vampire Necromancer on Apr 19, 2015.
             Slain by an orc wizard
             ... wielding a +0 dagger
              (2 damage)
             ... on level 3 of the Dungeon.
             The game lasted 00:08:17 (2520 turns).

kusayu the Grave Robber (Vampire Necromancer)       Turns: 2520, Time: 00:08:17

Health: 0/30       AC:  2    Str:  7    XL:     4   Next: 11%
Magic:  1/7        EV: 12    Int: 18    God:
Gold:   78         SH:  0    Dex: 14    Spells: 3 memorised, 2 levels left

rFire  . . .     SeeInvis +     e - +0 short sword
rCold  + + .     Clarity  .     j - +0 robe (curse)
rNeg   + + +     SustAb   .     (no shield)
rPois  +         Gourm    .     (no helmet)
rElec  .         Spirit   .     (no cloak)
rCorr  .         Warding  .     (no gloves)
rMut   .         Stasis   .     (no boots)
MR     +....                    (no amulet)
Stlth  +++.......               (no ring)
                                p - ring of protection from magic

@: regenerating slowly, somewhat resistant to hostile enchantments, fairly
stealthy
A: fangs 3, see invisible, unbreathing
a: Bat Form


You were on level 3 of the Dungeon.
You were near bloodless.

You visited 1 branch of the dungeon, and saw 3 of its levels.

You collected 78 gold pieces.

Inventory:

Hand weapons
 e - a +0 short sword (weapon)
Armour
 a - a +0 robe
 i - a +0 buckler
 j - a cursed +0 robe (worn)
Jewellery
 p - a ring of protection from magic (left hand)
Scrolls
 c - 3 scrolls of magic mapping {unknown}
 g - 2 scrolls of remove curse {unknown}
 h - a scroll of enchant weapon {unknown}
 k - a scroll of recharging {unknown}
 m - 3 scrolls of identify {unknown}
 n - a scroll of random uselessness {unknown}
 s - a scroll of enchant armour {unknown}
 t - a scroll of noise {unknown}
Potions
 d - a potion of curing {unknown}
 f - a potion of restore abilities {unknown}
 l - a potion of heal wounds {unknown}
 o - 2 potions of resistance {unknown}
 q - 9 potions of blood
 r - a potion of ambrosia {unknown}
Books
 b - a book of Necromancy

   Spells                             Type                      Level
   a - Pain                           Necromancy                   1
   b - Animate Skeleton               Necromancy                   1
   c - Vampiric Draining              Necromancy                   3
   d - Regeneration                   Charms/Necromancy            3
   e - Animate Dead                   Necromancy                   4
   f - Control Undead                 Necromancy                   4


   Skills:
 + Level 0.1 Fighting
 - Level 2.1 Dodging
 + Level 3.8 Stealth
 + Level 0.2 Unarmed Combat
 - Level 2.0 Spellcasting
 * Level 5.9 Necromancy


You had 2 spell levels left.
You knew the following spells:

 Your Spells              Type           Power        Failure   Level  Hunger
a - Pain                  Necr           ###.         1%          1    #......
b - Animate Skeleton      Necr           N/A          1%          1    #......
c - Vampiric Draining     Necr           ###.......   6%          3    ###....


Dungeon Overview and Level Annotations

Branches:
Dungeon (3/15)

Altars:


Innate Abilities, Weirdness & Mutations

You heal slowly.
You have razor-sharp teeth.
You have supernaturally acute eyesight.
You can survive without breathing.


Message History

You hit the orc wizard but do no damage.
The orc wizard is heavily wounded.
The orc wizard hits you but does no damage.
You closely miss the orc wizard.
The orc wizard is heavily wounded.
The orc wizard hits you with a dagger.
* * * LOW HITPOINT WARNING * * *
You completely miss the orc wizard.
The orc wizard is heavily wounded.
The orc wizard barely misses you.
You barely miss the orc wizard.
The orc wizard is heavily wounded.
The orc wizard misses you.
Casting: Pain
Confirm with . or Enter, or press ? or * to list all spells.
Aiming: Pain
Press: ? - help, Shift-Dir - straight line, f/p - orc wizard
Aim: an orc wizard, wielding a dagger and wearing a robe (heavily wounded, slightly transparent, chance 83%)
The orc wizard convulses in agony!
The orc wizard hits you with a dagger.
You die...

#.....#. .
##.....#.#.#
..........
#####.....#.####
................
.....#.......%.
######..#%...####
........Zo.........
######.@)........
#........####
#.#.##...# #.#.#
...# #<#.. .....
#.#.....$.
#.#.##.#. #.#.# .#
#.#)#


You could see an orc wizard (invisible) and a friendly orc skeleton.

Vanquished Creatures
  2 adders (D:2)
  2 oozes (D:1)
  A giant gecko (D:1)
  2 orcs (D:3)
  2 ball pythons (D:1)
  7 bats
  A giant cockroach (D:1)
  7 goblins
  A hobgoblin (D:1)
  A giant newt (D:2)
  13 kobolds
  6 rats
45 creatures vanquished.

Vanquished Creatures (collateral kills)
  An orc (D:3)
1 creature vanquished.

Grand Total: 46 creatures vanquished

Notes
Turn   | Place    | Note
--------------------------------------------------------------
     0 | D:1      | kusayu, the Vampire Necromancer, began the quest for the Orb.
     0 | D:1      | Reached XP level 1. HP: 13/13 MP: 3/3
   349 | D:1      | Reached skill level 5 in Necromancy
   349 | D:1      | Reached XP level 2. HP: 14/19 MP: 0/5
   352 | D:1      | Learned a level 1 spell: Animate Skeleton
   841 | D:1      | Reached XP level 3. HP: 20/24 MP: 2/6
   846 | D:1      | Learned a level 3 spell: Vampiric Draining
  2099 | D:2      | Reached XP level 4. HP: 25/30 MP: 3/7
  2520 | D:3      | Slain by an orc wizard

Action                   |  1- 3 |  4- 6 || total
-------------------------+-------+-------++-------
Melee: Unarmed           |    22 |       ||    22
       Short sword       |    29 |    11 ||    40
 Cast: Pain              |    39 |     6 ||    45
       Vampiric Draining |     5 |     1 ||     6
       Animate Skeleton  |       |     1 ||     1
 Abil: End Transformatio |     1 |       ||     1
       Bat Form          |     1 |       ||     1
  Use: Potion            |     1 |       ||     1
 Stab: Sleeping          |     4 |       ||     4
